 Dungeon Crawl Stone Soup version 0.21-a0-404-g291f19a (webtiles) character file.

13 Spoonicorn the Chopper (level 2, 0/27 HPs)
             Began as a Minotaur Berserker on Oct 31, 2017.
             Was a Follower of Trog.
             Succumbed to a kobold's poison
             ... on level 1 of the Dungeon.
             The game lasted 00:01:16 (134 turns).

Spoonicorn the Chopper (Minotaur Berserker)          Turns: 134, Time: 00:01:17

Health: 0/27       AC:  2    Str: 23    XL:     2   Next: 24%
Magic:  1/1        EV: 12    Int:  4    God:    Trog [*.....]
Gold:   0          SH:  0    Dex:  9    Spells: 1/1 levels left

rFire    . . .     SeeInvis .   a - +0 hand axe
rCold    . . .     Gourm    .   (no shield)
rNeg     . . .     Faith    .   b - +0 animal skin
rPois    .         Spirit   .   (helmet restricted)
rElec    .         Reflect  .   (no cloak)
rCorr    .         Harm     .   (no gloves)
MR       .....                  (no boots)
Stlth    +.........             (no amulet)
HPRegen  0.09/turn              (no ring)
MPRegen  0.07/turn              (no ring)

@: lethally poisoned (0 -> -14)
A: retaliatory headbutt, horns 2, strong 1, wild magic 1
a: Berserk, Burn Spellbooks, Renounce Religion


You were on level 1 of the Dungeon.
You worshipped Trog.
Trog was aware of your devotion.
You were not hungry.

You visited 1 branch of the dungeon, and saw 1 of its levels.

Inventory:

Hand Weapons
 a - a +0 hand axe (weapon)
Armour
 b - a +0 animal skin (worn)
Scrolls
 d - a scroll of teleportation {unknown}
 g - a scroll of recharging {unknown}
Comestibles
 c - a bread ration
 f - 4 fruits


   Skills:
 + Level 3.8 Fighting
 * Level 4.3 Axes
 + Level 2.4 Armour
 + Level 2.2 Dodging


You had one spell level left.
You didn't know any spells.

Dungeon Overview and Level Annotations

Branches:
Dungeon (1/15)

Altars:


Innate Abilities, Weirdness & Mutations

You reflexively headbutt those who attack you in melee.
You have a pair of horns on your head.
Your muscles are strong. (Str +2)
Your spells are a little harder to cast, but a little more powerful.


Message History

You see here a bat corpse.
The kobold hits you with a dagger of venom.
You are poisoned.
You closely miss the kobold.
You feel sick.
The kobold hits you with a dagger of venom.
You are lethally poisoned!
You hit the kobold but do no damage.
You feel sick.
The kobold hits you with a dagger of venom.
* * * LOW HITPOINT WARNING * * *
You closely miss the kobold.
* * * LOW HITPOINT WARNING * * *
You feel sick.
The kobold hits you with a dagger of venom.
* * * LOW HITPOINT WARNING * * *
It was a potion of mutation.
You feel extremely strange.
You feel stronger.
You feel less in control of your magic.
* * * LOW HITPOINT WARNING * * *
You feel sick. The kobold closely misses you.
You miss the kobold.
You die...

#....####.......
#.#.## #.......
#.#.# #.......
#.#.# #.......
### #.#.#
#....... ..
#.#.# #.......
#. #.#.##
#.......
###.##.##....#
####....
......K@†..#.#
##
###.##.###...# #
#. ##.## #. .#
#. .# #. .. #.
.. ## ..# . ##


You could see a kobold.

Vanquished Creatures
  A hobgoblin (D:1)
  2 jackals (D:1)
  2 bats (D:1)
  A frilled lizard (D:1)
  5 goblins (D:1)
  A rat (D:1)
12 creatures vanquished.

Notes
Turn   | Place    | Note
-------+----------+-------------------------------------------
     0 | D:1      | Spoonicorn the Minotaur Berserker began the quest for the Orb.
     0 | D:1      | Reached XP level 1. HP: 19/19 MP: 0/0
    54 | D:1      | Reached skill level 4 in Axes
    79 | D:1      | Reached XP level 2. HP: 15/27 MP: 1/1
   133 | D:1      | Gained mutation: Your muscles are strong. (Str +2) [potion of mutation]
   133 | D:1      | Gained mutation: Your spells are a little harder to cast, but a little more powerful. [potion of mutation]
   134 | D:1      | Succumbed to a kobold's poison

Vault maps used:
D:1:      dpeg_arrival_lava_altar

Skill      XL: |  1 |
---------------+----+-----
Axes           | 4 |  4.3
Fighting       | |  3.8
Armour         | |  2.4
Dodging        | |  2.2

Action                   || total
-------------------------++-------
Melee: Hand axe          ||    28
       Headbutt          ||     1
  Use: Potion            ||     1
Armor: Animal skin       ||     5
Dodge: Dodged            ||    23

Table legend:
 A = Spawn XP
 B = Non-spawn XP
 C = Spawn XP percentage of total XP
 D = Spawn monster count
 E = Non-spawn monster count
 F = Spawn count percentage of total count
 G = Total turns spent on level
                    A         B        C        D         E        F      G
               +---------+---------+-------+---------+---------+-------+---------
         Total |       0 |      19 |   0.0 |       0 |      12 |   0.0 |   134
               +---------+---------+-------+---------+---------+-------+---------
           D:1 |       0 |      19 |   0.0 |       0 |      12 |   0.0 |   134
               +---------+---------+-------+---------+---------+-------+---------
